 Dungeon Crawl Stone Soup version 0.29.1-13-g9f3cf754e1 (webtiles) character file.

Game seed: 10796427621604578885

72 cdecastro the Cudgeller (level 4, 0/37 HPs)
             Began as a Palentonga Fighter on Jan 19, 2023.
             Slain by a gnoll
             ... wielding a +0 flail
              (3 damage)
             ... on level 3 of the Dungeon on Jan 20, 2023.
             The game lasted 00:04:17 (1789 turns).

cdecastro the Cudgeller (Palentonga Fighter)        Turns: 1789, Time: 00:04:17

Health: 0/37       AC:  6    Str: 23    XL:     4   Next: 6%
Magic:  4/4        EV:  7    Int:  9    God:
Gold:   151        SH:  0    Dex:  9    Spells: 3/3 levels left

rFire   . . .      SeeInvis +   m - +4 great sword (holy)
rCold   + . .      Faith    .   (shield currently unavailable)
rNeg    . . .      Spirit   .   b - +0 scale mail
rPois   .          Reflect  .   (no helmet)
rElec   .          Harm     .   (no cloak)
rCorr   .          Rampage  .   (no gloves)
Will    .....                   (no barding)
Stlth   ..........              (no amulet)
HPRegen 0.12/turn               o - ring of protection from cold
MPRegen 0.09/turn               (no ring)

@: no status effects
A: large, rugged brown scales 3, see invisible, deformed body, roll 1, armoured
tail
a: Rolling Charge


You were on level 3 of the Dungeon.
You visited 1 branch of the dungeon, and saw 3 of its levels.

You collected 151 gold pieces.

Inventory:

Hand Weapons
 a - a +0 flail
 m - a +4 great sword of holy wrath (weapon)
Armour
 b - a +0 scale mail (worn)
 c - a +0 buckler
 n - a +0 chain mail
Jewellery
 o - a ring of protection from cold (left hand)
 q - a ring of flight
Scrolls
 h - a scroll of silence {unknown}
 j - 2 scrolls of identify {unknown}
 p - a scroll of butterflies {unknown}
 r - a scroll of teleportation {unknown}
 s - a scroll of noise {unknown}
Potions
 d - a potion of might
 e - a potion of lignification {unknown}
 f - a potion of brilliance {unknown}
 g - a potion of haste {unknown}
 i - a potion of flight {unknown}
 k - 2 potions of heal wounds {unknown}
 l - a potion of curing {unknown}


   Skills:
 - Level 3.0 Fighting
 * Level 2.0 Long Blades
 - Level 3.7 Maces & Flails
 - Level 2.4 Armour
 - Level 2.6 Shields


You had 3 spell levels left.
You didn't know any spells.
Your spell library was empty.

Dungeon Overview and Level Annotations

Branches:
Dungeon (3/15)

Altars:


Innate Abilities, Weirdness & Mutations

You are completely covered in rugged brown scales. (AC +3, +7% HP)
You have supernaturally acute eyesight. (SInv)
Armour fits poorly on your strangely shaped body.
You can roll at nearby foes to attack.
You have a long armoured tail.


Message History

A gnoll comes into view. It is wielding a +0 spear.
A gnoll comes into view. It is wielding a +0 flail.
The gnoll shouts!
The frilled lizard barely misses you.
You closely miss the frilled lizard.
The gnoll throws a throwing net.
The throwing net hits you.
You become entangled in the net!
The frilled lizard bites you but does no damage.
The frilled lizard barely misses you.
You struggle against the net.
The frilled lizard bites you but does no damage.
You struggle against the net.
The gnoll hits you but does no damage.
The frilled lizard bites you but does no damage.
Unknown command.
You struggle against the net.
The gnoll hits you with a +0 flail! The frilled lizard bites you.
You shred the net and break free! The gnoll hits you with a +0 flail!
* * * LOW HITPOINT WARNING * * *
The gnoll hits you from afar with a +0 spear.
* * * LOW HITPOINT WARNING * * *
The gnoll hits you with a +0 flail!
* * * LOW HITPOINT WARNING * * *
The frilled lizard bites you but does no damage.
Okay, then.
Okay, then.
Unknown command.
Okay, then.
Unknown command.
Okay, then.
Unknown command.
Okay, then.
Unknown command.
The gnoll hits you but does no damage. x2
The gnoll attacks as you move away! The gnoll closely misses you.
The frilled lizard attacks as you move away!
The frilled lizard bites you but does no damage.
The gnoll hits you from afar with a +0 spear.
* * * LOW HITPOINT WARNING * * *
There is a stone staircase leading up here.
The gnoll hits you with a +0 flail.
You die...

...... .....
...<..#.## #.........#
.........###..........
.....#..............#
....#..............#
#..........#.....##
#...............#
##....l.........###
#...@gg.g...!.....
#.......#.........
#.......##........
#.......##........
#.......##........
##########........
#.....?.. ##.......


You could see 3 gnolls and a frilled lizard.

Vanquished Creatures
  An adder (D:2)
  A worm (D:2)
  3 dart slugs
  7 ball pythons
  4 endoplasms
  3 giant cockroaches
  4 goblins
  4 hobgoblins
  7 jackals
  4 kobolds
  3 quokkas (D:1)
  3 bats
  3 frilled lizards (D:1)
47 creatures vanquished.

Notes
Turn   | Place    | Note
-------+----------+-------------------------------------------
     0 | D:1      | cdecastro the Palentonga Fighter began the quest for the
                  | Orb.
     0 | D:1      | Reached XP level 1. HP: 19/19 MP: 1/1
    97 | D:1      | Reached XP level 2. HP: 21/25 MP: 2/2
   639 | D:1      | Reached XP level 3. HP: 28/31 MP: 3/3
  1121 | D:2      | Reached skill level 1 in Long Blades
  1368 | D:2      | Reached XP level 4. HP: 37/37 MP: 4/4
  1789 | D:3      | Slain by a gnoll

Illustrated notes

Levels and vault maps discovered:
D:1:      minmay_arrival_widening_spiral_wide, layout_loops_cross,
          minmay_curled_crystal
D:2:      layout_basic
D:3:      layout_rooms, shapermc_ecumenical_altar_acropolis, uniq_grinder,
          uniq_terence

Skill      XL: |  1  2  3  4 |
---------------+-------------+-----
Maces & Flails | 3 |  3.7
Long Blades    | 1 2 |  2.0
Fighting       | |  3.0
Armour         | |  2.4
Shields        | |  2.6

Action                   |  1- 3 |  4- 6 || total
-------------------------+-------+-------++-------
Melee: Flail             |    75 |       ||    75
       Tailslap          |     5 |     1 ||     6
       Great sword       |    40 |     7 ||    47
 Abil: Rolling Charge    |     6 |       ||     6
Armor: Scale mail        |    95 |    12 ||   107
Dodge: Dodged            |    54 |     7 ||    61
